 Dungeon Crawl Stone Soup version 0.28-a0-511-gcc94558de3 (webtiles) character file.

Game seed: 8683145676589289415

313 Demosthentine the Poker (level 6, -1/48 HPs)
             Began as a Merfolk Gladiator on Sept 21, 2021.
             Was an Initiate of the Shining One.
             Slain by a water moccasin (7 damage)
             ... in a sewer.
             The game lasted 00:03:17 (3327 turns).

Demosthentine the Poker (Merfolk Gladiator)         Turns: 3327, Time: 00:03:17

Health: -1/48      AC:  6    Str: 16    XL:     6   Next: 43%
Magic:  15/15      EV: 14    Int:  8    God:    the Shining One [......]
Gold:   108        SH:  0    Dex: 15    Spells: 5/5 levels left

rFire   . . .      SeeInvis .   a - +1 trident
rCold   . . .      Faith    .   (no shield)
rNeg    . . .      Spirit   .   b - +0 leather armour
rPois   .          Reflect  .   c - +0 helmet
rElec   .          Harm     .   (no cloak)
rCorr   .          Rampage  .   f - +1 pair of gloves
Will    +....                   (no boots)
Stlth   +.........              (no amulet)
HPRegen 0.16/turn               e - ring of magical power
MPRegen 0.14/turn               q - ring of willpower

@: glowing
A: (nimble swimmer 2), mertail
a: Renounce Religion


You were in a sewer.
You worshipped the Shining One.
The Shining One was noncommittal.
You visited 1 branch of the dungeon, and saw 4 of its levels.
You also visited: Sewer.

You collected 108 gold pieces.

Inventory:

Hand Weapons
 a - a +1 trident (weapon)
Armour
 b - a +0 leather armour (worn)
 c - a +0 helmet (worn)
 f - a +1 pair of gloves (worn)
Jewellery
 e - a ring of magical power (left hand)
 q - a ring of willpower (right hand)
Wands
 m - a wand of flame (10)
Scrolls
 i - a scroll of identify
 l - 2 scrolls of enchant weapon
 p - a scroll of teleportation
Potions
 g - a potion of cancellation {unknown}
 h - a potion of flight
 j - a potion of brilliance
 k - 2 potions of curing
 n - 2 potions of ambrosia
 o - a potion of haste
 r - a potion of heal wounds {unknown}


   Skills:
 + Level 4.0 Fighting
 + Level 6.3 Polearms
 - Level 2.0 Throwing
 + Level 2.1 Armour
 + Level 5.7 Dodging


You had 5 spell levels left.
You didn't know any spells.
Your spell library contained the following spells:

 Spells                   Type           Power      Damage    Failure   Level
 Animate Skeleton         Necr           0%         N/A       47%         1
 Pain                     Necr           0%         1d4       47%         1
 Ignite Poison            Fire/Tmut/Pois 0%         N/A       85%         3
 Mephitic Cloud           Conj/Pois/Air  0%         N/A       85%         3
 Vampiric Draining        Necr           0%         2d6       85%         3
 Freezing Cloud           Conj/Ice/Air   0%         6-21      100%        5


Dungeon Overview and Level Annotations

Branches:
Dungeon (4/15)             Temple (0/1) D:4           Sewer (1/1)

Altars:
The Shining One


Innate Abilities, Weirdness & Mutations

((You are quick and stealthy near water. (Stealth+, EV+, Speed+++)))
Your lower body shifts to a powerful aquatic tail in water.


Message History

You feel sick.
The water moccasin struggles against the net.
The net rips apart, and the water moccasin comes free!
The water moccasin bites you.
* * * LOW HITPOINT WARNING * * *
Throw: 2 throwing nets
Press: ? - help, Q - select action, (/) - cycle Shift-Dir - straight line, f/p - water moccasin
Aim: a water moccasin (moderately wounded, haloed, 62% to hit)
You throw a throwing net.
The throwing net closely misses the water moccasin.
You feel sick. The water moccasin bites you!
* * * LOW HITPOINT WARNING * * *
Throw: throwing net
Press: ? - help, Q - select action, (/) - cycle Shift-Dir - straight line, f/p - water moccasin
Aim: a water moccasin (moderately wounded, haloed, 62% to hit)
You throw a throwing net.
The throwing net closely misses the water moccasin.
You feel sick. The water moccasin misses you.
You feel better.
The water moccasin bites you but does no damage.
The water moccasin bites you.
* * * LOW HITPOINT WARNING * * *
You barely miss the water moccasin.
The water moccasin is moderately wounded.
The water moccasin bites you.
* * * LOW HITPOINT WARNING * * *
You puncture the water moccasin!
The water moccasin is severely wounded.
The water moccasin completely misses you.
You hit the water moccasin but do no damage.
The water moccasin is severely wounded.
The water moccasin closely misses you. The water moccasin barely misses you.
You barely miss the water moccasin.
The water moccasin is severely wounded.
The water moccasin bites you.
* * * LOW HITPOINT WARNING * * *
You completely miss the water moccasin.
The water moccasin is severely wounded.
The water moccasin bites you!
You die...

#.# #.# #######
#.# ##.....## #.#
##...≈...#
#.#######...≈≈≈...
#..........≈≈≈≈†.∩
#.#######...≈≈≈...
#.# ##...≈.†.# #@#
##.....## #S#
####### ... .....
....... #.......#
#.......#
#..$($..#


You could see a water moccasin.

Vanquished Creatures
  Menkaure (D:4)
  An orc priest (D:3)
  Natasha (twice) (D:2)
  Robin (D:2)
  3 adders
  2 worms
  3 orcs
  4 endoplasms
  13 goblins
  6 hobgoblins
  4 quokkas
  5 ball pythons
  7 bats
  4 frilled lizards
  6 kobolds
  9 rats
71 creatures vanquished.

Notes
Turn   | Place    | Note
-------+----------+-------------------------------------------
     0 | D:1      | Demosthentine the Merfolk Gladiator began the quest for the
                  | Orb.
     0 | D:1      | Reached XP level 1. HP: 16/16 MP: 1/1
   326 | D:1      | Reached XP level 2. HP: 23/23 MP: 2/2
   671 | D:2      | Found a glowing golden altar of the Shining One.
   681 | D:2      | Became a worshipper of the Shining One
   920 | D:2      | Noticed Natasha
   929 | D:2      | Killed Natasha
   930 | D:2      | Reached skill level 5 in Polearms
   930 | D:2      | Reached XP level 3. HP: 6/28 MP: 3/3
  1322 | D:2      | Reached skill level 1 in Armour
  1398 | D:2      | Noticed Robin
  1409 | D:2      | Reached XP level 4. HP: 21/35 MP: 4/4
  1420 | D:2      | Killed Robin
  1735 | D:2      | Noticed Natasha
  1740 | D:2      | Killed Natasha
  1742 | D:2      | Found a faded altar of an unknown god.
  1787 | D:2      | Reached skill level 5 in Dodging
  1806 | D:2      | Reached XP level 5. HP: 24/41 MP: 5/5
  2962 | D:3      | Found a glowing golden altar of the Shining One.
  3042 | D:4      | Noticed Menkaure
  3053 | D:4      | Killed Menkaure
  3054 | D:4      | Reached skill level 6 in Polearms
  3054 | D:4      | Reached XP level 6. HP: 15/48 MP: 6/6
  3072 | D:4      | Found a staircase to the Ecumenical Temple.
  3210 | D:4      | Found a glowing drain.
  3228 | Sewer    | Entered a sewer
  3308 | Sewer    | Noticed a water moccasin
  3327 | Sewer    | Slain by a water moccasin

Illustrated notes

Levels and vault maps discovered:
D:1:      onia_arrival_mini_spirals, layout_basic, grunt_decor_cap
D:2:      layout_basic, ebering_ecumenical_altar_sacrificial, basic_altar,
          uniq_robin, uniq_natasha
D:3:      layout_basic, nicolae_overflow_hidden_temple, minmay_bisected
D:4:      layout_loops_ring, temple_doors_e, portal_sewer_entry_b, serial_shops,
          shop, uniq_menkaure
Sewer:    sewer_big_baddie

Skill      XL: |  1  2  3  4  5 |
---------------+----------------+-----
Polearms       | 5 6 |  6.3
Armour         | 1 2 |  2.1
Fighting       | 3 4 |  4.0
Dodging        | 5 |  5.7
Throwing       | |  2.0

Action                   |  1- 3 |  4- 6 || total
-------------------------+-------+-------++-------
Melee: Trident           |    65 |   144 ||   209
Throw: Throwing net      |       |     3 ||     3
  Use: Scroll            |     3 |     8 ||    11
       Potion            |       |     3 ||     3
 Stab: Sleeping          |     1 |       ||     1
Armor: Leather armour    |    13 |    54 ||    67
Dodge: Dodged            |    25 |    91 ||   116

Table legend: (Time is in decaauts)
 A = Elapsed time spent in this place.
 B = Non-inter-level travel time spent in this place.
 C = Inter-level travel time spent in this place.
 D = Time resting spent in this place.
 E = Time spent auto-exploring this place.
 F = Levels seen in this place.
 G = Mean time per level.
                   A        B        C        D        E       F      G
               +--------+--------+--------+--------+--------+-----+--------+
         Total |   3342 |   3192 |    150 |     14 |   2488 |   5 |  668.4 |
       Dungeon |   3245 |   3095 |    150 |     14 |   2425 |   4 |  811.2 |
         Sewer |     96 |     96 |      0 |      0 |     62 |   1 |   96.0 |
               +--------+--------+--------+--------+--------+-----+--------+

Top non-repeatable levels by time:
     D:2: 1405 daAuts
     D:3: 964 daAuts
     D:1: 673 daAuts
     D:4: 203 daAuts
   Sewer: 96 daAuts
